 Dungeon Crawl Stone Soup version 0.28-a0-1233-g92def6ad0a (webtiles) character file.

Game seed: 15158730327671365932

246720 Conn the Devastator (level 19, -4/122 HPs)
             Began as an Octopode Fire Elementalist on Dec 23, 2021.
             Was a High Priest of Sif Muna.
             Shot with a bolt by a naga sharpshooter (31 damage)
             ... on level 2 of the Snake Pit.
             The game lasted 03:20:38 (54655 turns).

Conn the Devastator (Octopode Fire Elementalist)   Turns: 54655, Time: 03:20:39

Health: -4/122     AC: 10    Str:  7    XL:     19   Next: 97%
Magic:  6/40       EV: 17    Int: 31    God:    Sif Muna [*****.]
Gold:   767        SH: 14    Dex: 17    Spells: 2/53 levels left

rFire   . . .      SeeInvis .   a - +11 rapier of Regicide {drain, rPois rF- Will- Stlth+}
rCold   . . .      Faith    .   y - +3 buckler
rNeg    . . .      Spirit   .   o - +1 hat "Vifosoc" {rC+ Regen+ Stlth+}
rPois   +          Reflect  +   s - amulet of reflection
rElec   +          Harm     .   d - +6 ring of dexterity
rCorr   +          Rampage  .   r - ring of fire
Will    +....                   f - ring of wizardry
Stlth   +++++++...              t - +6 ring of intelligence
HPRegen 1.10/turn               B - +4 ring of protection
MPRegen 0.27/turn               g - ring "Taus" {rPois Will+ Slay+6}
                                F - +4 ring of protection
                                L - ring of resist corrosion

@: channelling, studying Bows
A: almost no armour, amphibious, 8 rings, camouflage 1, gelatinous body 1,
(nimble swimmer 1), tentacles, clumsy 1, robust 1, electricity resistance
}: 1/15 runes: decaying
a: Renounce Religion, Channel Magic, Forget Spell, Divine Exegesis


You were on level 2 of the Snake Pit.
You worshipped Sif Muna.
Sif Muna was extremely pleased with you.
You visited 6 branches of the dungeon, and saw 32 of its levels.
You also visited: Gauntlet.

You collected 3921 gold pieces.
You spent 3154 gold pieces at shops.

Inventory:

Hand Weapons
 a - the +11 rapier of Regicide (weapon) {drain, rPois rF- Will- Stlth+}
   (You took it off a minotaur in a Gauntlet)

   A truly terrible weapon, it drains the life of any living foe it strikes.
   rF:        It makes you vulnerable to fire.
   rPois:     It protects you from poison.
   Will:      It decreases your willpower.
   Stlth:     It makes you more stealthy.
 Y - the +6 Majin-Bo {vamp, MP+6 Int+6}
   (You took it off a deep elf zephyrmancer on level 3 of the Elven Halls)

   It occasionally heals its wielder for a portion of the damage dealt when they
   wound a living foe with it or with a spell.
   Its wielder's spells cost health as well as magical power.
   Int:       It affects your intelligence (+6).
   MP:        It affects your magic capacity (+6).
Missiles
 j - 2 throwing nets (quivered)
 W - 8 curare-tipped darts
Armour
 o - the +1 hat "Vifosoc" (worn) {rC+ Regen+ Stlth+}
   (You acquired it on level 15 of the Dungeon)

   rC:        It protects you from cold.
   Regen:     It increases your rate of health regeneration.
   Stlth:     It makes you more stealthy.
 y - a +3 buckler (worn)
Magical Staves
 b - a staff of fire
 J - a staff of conjuration
 V - a staff of cold
Jewellery
 d - a +6 ring of dexterity (left tentacle)
 f - a ring of wizardry (on tentacle)
 g - the ring "Taus" (on tentacle) {rPois Will+ Slay+6}
   (You bought it in a shop on level 2 of the Elven Halls)

   [ring of willpower]

   Slay:      It affects your accuracy & damage with ranged weapons and melee
   (+6).
   rPois:     It protects you from poison.
   Will:      It increases your willpower.
 h - a ring of protection from cold
 r - a ring of fire (right tentacle)
 s - an amulet of reflection (around mantle)
 t - a +6 ring of intelligence (on tentacle)
 B - a +4 ring of protection (on tentacle)
 F - a +4 ring of protection (on tentacle)
 I - a +4 ring of evasion
 L - a ring of resist corrosion (on tentacle)
 M - an amulet of the acrobat
 X - a +4 ring of evasion
Wands
 m - a wand of acid (38)
 v - a wand of polymorph (1)
 C - a wand of paralysis (7)
 G - a wand of mindburst (42)
 N - a wand of iceblast (29)
 S - a wand of charming (12)
 Z - a wand of flame (35)
Scrolls
 c - 3 scrolls of fear
 e - a scroll of holy word
 i - 2 scrolls of blinking
 k - 2 scrolls of enchant armour
 l - 20 scrolls of identify
 u - 3 scrolls of immolation
 H - 4 scrolls of magic mapping
 K - 2 scrolls of fog
 Q - 4 scrolls of teleportation
 U - a scroll of summoning
Potions
 n - 5 potions of flight
 p - 8 potions of might
 q - a potion of berserk rage
 x - 6 potions of brilliance
 z - 3 potions of magic
 A - 7 potions of ambrosia
 D - 4 potions of invisibility
 E - 6 potions of haste
 O - 14 potions of curing
 P - 4 potions of lignification
 T - a potion of cancellation


   Skills:
 + Level 4.5 Fighting
 + Level 2.7 Short Blades
 + Level 3.1 Staves
 + Level 1.2 Throwing
 + Level 7.5 Dodging
 + Level 7.2 Stealth
 + Level 8.5 Shields
 + Level 17.6 Spellcasting
 * Level 18.7 Conjurations
 - Level 5.7 Hexes
 + Level 4.2 Translocations
 + Level 16.3 Fire Magic
 + Level 3.4 Air Magic
 + Level 3.0 Earth Magic
 + Level 4.0 Poison Magic
 + Level 8.6 Invocations
 + Level 1.0 Evocations


You had 2 spell levels left.
You knew the following spells:

 Your Spells              Type           Power      Damage    Failure   Level
a - Foxfire               Conj/Fire      100%       2x1d9     0%          1
b - Ignition              Fire           57%        3d16      4%          8
c - Inner Flame           Hex/Fire       97%        N/A       1%          3
d - Flame Wave            Conj/Fire      100%       2d14      0%          4
e - Scorch                Fire           100%       2d10      0%          2
g - Stone Arrow           Conj/Erth      100%       3d13      1%          3
h - Mephitic Cloud        Conj/Pois/Air  69%        N/A       1%          3
i - Ignite Poison         Fire/Tmut/Pois 81%        N/A       1%          3
j - Fireball              Conj/Fire      58%        3d22      1%          5
k - Orb of Destruction    Conj           48%        9d15      1%          7
l - Blink                 Tloc           100%       N/A       1%          2
m - Starburst             Conj/Fire      58%        6d16      1%          6
n - Iskenderun's Mystic   Conj/Tloc      78%        2d16      1%          4

Your spell library contained the following spells:

 Spells                   Type           Power      Damage    Failure   Level
 Magic Dart               Conj           100%       1d8       0%          1
 Shock                    Conj/Air       100%       1d9       0%          1
 Searing Ray              Conj           100%       2d8       0%          2
 Animate Skeleton         Necr           54%        N/A       1%          1
 Apportation              Tloc           100%       N/A       1%          1
 Beastly Appendage        Tmut           54%        N/A       1%          1
 Slow                     Hex            100%       N/A       1%          1
 Summon Small Mammal      Summ           100%       N/A       1%          1
 Call Imp                 Summ           27%        N/A       1%          2
 Corpse Rot               Necr/Air       74%        N/A       1%          2
 Passwall                 Tmut/Erth      30%        N/A       1%          2
 Poisonous Vapours        Pois/Air       100%       N/A       1%          2
 Static Discharge         Conj/Air       77%        N/A       1%          2
 Sublimation of Blood     Necr           27%        N/A       1%          2
 Wereblood                Tmut           27%        N/A       1%          2
 Conjure Flame            Conj/Fire      100%       6-21      0%          3
 Sticky Flame             Conj/Fire      100%       2d11      0%          4
 Iskenderun's Battlesphe  Conj           97%        2d14      0%          5
 Confusing Touch          Hex            58%        N/A       1%          3
 Dazzling Flash           Conj/Hex       100%       N/A       1%          3
 Gell's Gravitas          Tloc           52%        N/A       1%          3
 Lesser Beckoning         Tloc           52%        N/A       1%          3
 Spider Form              Tmut/Pois      39%        N/A       1%          3
 Swiftness                Air            48%        N/A       1%          3
 Teleport Other           Tloc           52%        N/A       1%          3
 Airstrike                Air            24%        N/A       1%          4
 Cause Fear               Hex            29%        N/A       1%          4
 Fulminant Prism          Conj/Hex       40%        3d20      1%          4
 Leda's Liquefaction      Hex/Erth       26%        N/A       1%          4
 Olgreb's Toxic Radiance  Pois           51%        N/A       1%          4
 Passage of Golubria      Tloc           52%        N/A       1%          4
 Freezing Cloud           Conj/Ice/Air   32%        6-21      1%          5
 Irradiate                Conj/Tmut      35%        3d25      1%          5
 Lightning Bolt           Conj/Air       38%        1d57      1%          5
 Conjure Ball Lightning   Conj/Air       38%        3x3d12    1%          6
 Iron Shot                Conj/Erth      38%        9d8       1%          6
 Silence                  Hex/Air        27%        N/A       2%          5
 Petrify                  Tmut/Erth      36%        N/A       3%          4
 Lee's Rapid Deconstruct  Erth           23%        3d14*     4%          5
 Metabolic Englaciation   Hex/Ice        22%        N/A       5%          5
 Summon Mana Viper        Hex/Summ       45%        N/A       5%          5
 Yara's Violent Unravell  Hex/Tmut       22%        3d10      5%          5
 Dispel Undead            Necr           27%        3d13      6%          4
 Summon Forest            Summ/Tloc      20%        N/A       7%          5
 Agony                    Necr           27%        N/A       16%         5
 Dispersal                Tloc           26%        N/A       16%         6
 Eringya's Noxious Bog    Tmut/Pois      19%        N/A       36%         6
 Lehudib's Crystal Spear  Conj/Erth      38%        10d9      41%         8
 Fire Storm               Conj/Fire      58%        8d15      41%         9
 Statue Form              Tmut/Erth      24%        N/A       43%         6
 Summon Cactus Giant      Summ           13%        N/A       65%         6
 Discord                  Hex            29%        N/A       97%         8
 Haunt                    Necr/Summ      13%        N/A       99%         7
 Ozocubu's Refrigeration  Ice            13%        4d7       99%         7
 Summon Hydra             Summ           13%        N/A       99%         7
 Disjunction              Tloc           26%        N/A       99%         8
 Chain Lightning          Conj/Air       38%        3d51      99%         9
 Maxwell's Capacitive Co  Air            24%        ∞         100%        8
 Shatter                  Erth           23%        3d20*     100%        9
 Animate Armour           Summ/Erth      Unusable   N/A       N/A         4

Dungeon Overview and Level Annotations

Branches:
Dungeon (15/15)            Temple (0/1) D:5            Lair (6/6) D:9
  Swamp (4/4) Lair:2        Snake (2/4) Lair:3        Slime (0/5) Lair:6
    Orc (2/2) D:12            Elf (3/3) Orc:2        Vaults (0/5) D:14
 Depths (0/4) D:15        Gauntlet (visited)

Altars:
Elyvilon
Kikubaaqudgha
Makhleb
Nemelex Xobeh
Qazlal
Sif Muna
Vehumet
Wu Jian
Yredelemnul
Zin
Beogh
Jiyva

Shops:
Orc:2 !?[:   Elf:2 =::

Annotations:
Elf:1 6 runed translucent doors


Innate Abilities, Weirdness & Mutations

You cannot wear most types of armour.
You are amphibious.
You can wear up to eight rings at the same time.
Your skin changes colour to match your surroundings (Stealth+).
Your rubbery body absorbs attacks. (AC +1, EV +1)
((You are camouflaged when in or above water. (Stealth+)))
You have tentacles for arms and can constrict up to eight enemies at once.
You are clumsy. (Dex -2)
You are robust. (+10% HP)
You are resistant to electric shocks. (rElec)


Message History

Confirm with . or Enter, or press ? or * to list all spells.
Aiming: Orb of Destruction (mildly dangerous; 1% risk of failure)
Press: ? - help, Shift-Dir - straight line, f - naga sharpshooter
Aim: a naga sharpshooter, wielding a +0 arbalest and quivering bolts You feel sick.
You are no longer poisoned.
The wavering orb of destruction hits the naga sharpshooter!!!
The naga sharpshooter is severely wounded.
The black mamba bites you!
* * * LOW HITPOINT WARNING * * *
The naga sharpshooter casts a spell.
The naga sharpshooter magically shoots a bolt.
You reflect the bolt off an invisible shield around you!
Casting: Orb of Destruction (mildly dangerous; 1% risk of failure)
Confirm with . or Enter, or press ? or * to list all spells.
Casting: Ignition (dangerous; 4% risk of failure)
Press: ? - help, Dir - look around, f - activate You feel a surge of power!
The air bursts into flame!
The fireball engulfs the salamander.
The salamander completely resists.
The salamander is moderately wounded.
The fireball engulfs the black mamba!!
You kill the black mamba!
Sif Muna accepts your kill.
The fireball engulfs the naga sharpshooter!!
The naga sharpshooter is almost dead.
You hear a shout!
You hear an angry hiss.
You hear a shout! x3
The naga sharpshooter spits poison at you.
The splash of poison reflects off an invisible shield around you!
The splash of poison hits the naga sharpshooter.
The naga sharpshooter is poisoned.
Casting: Ignition (dangerous; 4% risk of failure)
Confirm with . or Enter, or press ? or * to list all spells.
You erupt in a blast of force!
The mystic blast hits the naga sharpshooter!!
You kill the naga sharpshooter!
Sif Muna accepts your kill.
The naga sharpshooter gestures wildly while chanting.
The naga sharpshooter magically shoots a bolt.
The bolt hits you!!
You die...

###........
#..N†......
...NN..).......
........N.....#
.............##
...N.........#
.........###..#
...>.....#
#!†##
...N../###
#..@#
#......°....#
........)....#
..####.....###
. ##...## .....
...... ......#


You could see a naga sharpshooter and a salamander.

Vanquished Creatures
  Bai Suzhen (Swamp:4)
  Nikola (Swamp:4)
  Jorgrun (D:14)
  3 deep elf blademasters
  2 deep elf master archers (Elf:3)
  A sphinx (D:15)
  A tengu reaver (D:15)
  3 thorn hunters (Swamp:4)
  Roxanne (Snake:1)
  A fire giant (D:15)
  7 deep elf sorcerers (Elf:3)
  Aizul (Snake:1)
  6 deep elf elementalists
  2 ghouls (Swamp:3)
  A stone giant (D:15)
  5 deep elf demonologists
  A very ugly thing (D:15)
  A minotaur (Gauntlet)
  4 deep elf annihilators (Elf:3)
  3 eleionomae (Swamp:4)
  3 bunyips
  2 ettins (D:15)
  Snorg (D:14)
  3 deep elf death magi (Elf:3)
  4 deep elf high priests
  A fire dragon (D:15)
  A rakshasa (D:15)
  A naga warrior (Lair:3)
  6 boulder beetles
  A shambling mangrove (Swamp:2)
  A vault guard (D:14)
  A hydra (shapeshifter) (Elf:1)
  Harold (Lair:1)
  Erolcha (Orc:2)
  A merfolk avatar (Lair:6)
  An ice dragon (D:15)
  3 catoblepae
  3 ogre magi (Orc:2)
  3 anacondas
  31 hydras
  11 alligators
  4 death knights (D:15)
  3 two-headed ogres
  27 dancing weapons
  12 centaur warriors
  A two-headed ogre (shapeshifter) (Elf:2)
  8 death yaks
  2 tengu warriors (D:15)
  A deep troll earth mage (D:15)
  18 spriggans
  An orc high priest (Elf:1)
  A naga sharpshooter (Snake:2)
  25 deep elf knights
  Nergalle (Lair:1)
  2 fire crabs
  Sonja (D:12)
  A shock serpent (Snake:1)
  A salamander mystic (Snake:2)
  3 skeletal warriors
  2 goliath frogs
  A naga ritualist (Snake:1)
  8 swamp dragons
  A deep troll (D:15)
  5 spriggan druids
  11 deep elf archers
  5 orc knights
  2 bog bodies
  A harpy (Lair:6)
  A wizard (D:14)
  2 necromancers (D:15)
  An oklob plant (Gauntlet)
  3 salamanders
  27 deep elf zephyrmancers
  7 manticores
  9 orc sorcerers
  32 deep elf pyromancers
  5 mana vipers
  2 ugly things (D:15)
  7 cyclopes
  3 wolf spiders
  5 will-o-the-wisps
  14 elephants
  25 black mambas
  12 cane toads
  2 naga magi
  Joseph (D:7)
  5 torpor snails
  A guardian serpent (Snake:1)
  2 rime drakes (Lair:6)
  Maggie (D:7)
  An unseen horror (D:12)
  2 yaktaurs (D:15)
  8 kobold demonologists
  A hellion (Gauntlet)
  9 komodo dragons
  2 minotaur zombies (Gauntlet)
  2 freezing wraiths (D:15)
  An efreet (D:15)
  A queen bee (D:11)
  5 trolls
  A bloated husk (Swamp:2)
  8 polar bears
  A wolf spider simulacrum (D:15)
  6 tyrant leeches
  10 hornets
  Grinder (D:6)
  3 wind drakes (Lair:6)
  A wind drake (shapeshifter) (D:15)
  18 dream sheep
  A dream sheep (shapeshifter) (D:15)
  21 blink frogs
  2 shadows
  2 redbacks (Orc:1)
  4 water elementals
  4 centaur simulacra (D:15)
  An air elemental (Elf:2)
  A tarantella (Orc:1)
  2 vampires
  2 wraiths
  48 yaks
  6 basilisks
  A yak (shapeshifter) (D:15)
  4 wyverns
  2 fire elementals
  4 steam dragons (Lair:6)
  3 vampire mosquitoes
  9 humans (D:14)
  Edmund (D:4)
  4 wargs
  9 nagas
  A hell hound (Gauntlet)
  6 swamp worms
  5 acid dragons
  19 water moccasins
  9 swamp drakes
  3 sky beasts
  3 black bears
  23 orc warriors
  An ice beast (D:5)
  A necrophage (Swamp:3)
  A boggart (D:15)
  12 centaurs
  6 ogres
  14 wolves
  A phantom (D:4)
  7 kobold brigands
  2 wyvern zombies (D:7)
  9 bullfrogs
  A scorpion (D:7)
  3 earth elementals
  A killer bee (shapeshifter) (D:14)
  31 killer bees
  9 wights
  A vampire bat (D:9)
  6 electric eels
  6 centaur zombies
  5 hounds
  2 jellies (D:5)
  13 orc priests
  A gnoll shaman (D:5)
  A bullfrog skeleton (D:5)
  A centaur skeleton (D:4)
  40 orc wizards
  3 iguanas
  A human simulacrum (D:9)
  Robin (D:3)
  11 gnolls
  A howler monkey skeleton (D:6)
  5 adders
  A white imp (D:5)
  2 ufetubi
  An adder skeleton (D:4)
  3 worms
  4 dart slugs
  96 orcs
  9 ball pythons
  4 bat skeletons (D:9)
  A bat zombie (D:9)
  2 endoplasms
  A giant cockroach (D:1)
  20 goblins
  A hobgoblin (D:3)
  A jackal (D:5)
  25 kobolds
  A quokka (D:2)
  4 bats
  3 frilled lizards
  10 rats
  A bush (Lair:4)
  2 butterflies (Lair:3)
1111 creatures vanquished.

Vanquished Creatures (collateral kills)
  A blink frog (Lair:6)
  An iguana (Lair:2)
  16 foxfires
18 creatures vanquished.

Vanquished Creatures (others)
  A vault guard (D:14)
  An efreet (D:14)
  A polar bear (Lair:6)
  2 bloated husks
  A human (D:14)
  An orc wizard (Orc:2)
  A human simulacrum (D:9)
  14 demonic plants (Gauntlet)
  2558 foxfires
  54 fungi
  144 plants
2778 creatures vanquished.

Grand Total: 3907 creatures vanquished

Notes
Turn   | Place    | Note
-------+----------+-------------------------------------------
     0 | D:1      | Conn the Octopode Fire Elementalist began the quest for the
                  | Orb.
     0 | D:1      | Reached XP level 1. HP: 11/11 MP: 3/3
   130 | D:1      | Found a faded altar of an unknown god.
   321 | D:1      | Reached XP level 2. HP: 17/17 MP: 1/5
   438 | D:1      | You fall into a shaft and drop 1 floor!
  1232 | D:1      | Reached XP level 3. HP: 21/21 MP: 6/6
  2504 | D:3      | Noticed Robin
  2508 | D:3      | Reached XP level 4. HP: 27/27 MP: 3/7
  2685 | D:3      | Killed Robin
  3255 | D:3      | Reached XP level 5. HP: 19/31 MP: 1/9
  3258 | D:3      | Gained mutation: You are clumsy. (Dex -2) [potion of
                  | mutation]
  3258 | D:3      | Gained mutation: Your body sometimes deteriorates upon
                  | taking damage. [potion of mutation]
  3258 | D:3      | Gained mutation: You are robust. (+10% HP) [potion of
                  | mutation]
  3477 | D:4      | Lost mutation: Your body sometimes deteriorates upon taking
                  | damage. [potion of mutation]
  3477 | D:4      | Gained mutation: You are resistant to electric shocks.
                  | (rElec) [potion of mutation]
  3477 | D:4      | Gained mutation: You are very clumsy. (Dex -4) [potion of
                  | mutation]
  3477 | D:4      | Lost mutation: You are very clumsy. (Dex -4) [potion of
                  | mutation]
  3535 | D:4      | Noticed Edmund
  3574 | D:5      | Entered Level 5 of the Dungeon
  3584 | D:5      | Reached XP level 6. HP: 38/40 MP: 5/11
  3588 | D:5      | Learned a level 3 spell: Conjure Flame
  3592 | D:5      | Learned a level 3 spell: Inner Flame
  3597 | D:5      | Learned a level 4 spell: Flame Wave
  3615 | D:5      | Reached skill level 2 in Conjurations
  3620 | D:5      | Reached skill level 1 in Throwing
  3659 | D:5      | Noticed an ice beast
  3924 | D:4      | Found a shimmering blue altar of Sif Muna.
  3947 | D:4      | Killed Edmund
  3948 | D:4      | Reached skill level 3 in Conjurations
  3948 | D:4      | Reached skill level 5 in Fire Magic
  3948 | D:4      | Reached XP level 7. HP: 46/46 MP: 0/13
  4065 | D:4      | Became a worshipper of Sif Muna the Loreminder
  4186 | D:4      | Learned a level 2 spell: Scorch
  4276 | D:4      | Reached skill level 1 in Short Blades
  4495 | D:4      | Reached skill level 1 in Invocations
  5004 | D:5      | Reached skill level 1 in Staves
  5006 | D:5      | Reached XP level 8. HP: 51/51 MP: 7/14
  5116 | D:5      | Found a staircase to the Ecumenical Temple.
  5633 | D:6      | Identified the +0 ring mail "Nibraedua" {rN+}
  5784 | D:6      | Reached skill level 5 in Spellcasting
  5902 | D:6      | Noticed Grinder
  5913 | D:6      | Killed Grinder
  5914 | D:6      | Reached skill level 4 in Conjurations
  6171 | D:6      | Found a sparkling altar of Nemelex Xobeh.
  6562 | D:7      | Noticed a vampire
  6581 | D:7      | Killed a vampire
  6582 | D:7      | Reached XP level 9. HP: 57/57 MP: 0/17
  6830 | D:7      | Noticed Maggie
  6835 | D:7      | Reached skill level 1 in Fighting
  6838 | D:7      | Killed Maggie
  6917 | D:7      | Reached * piety under Sif Muna
  6980 | D:7      | Noticed Joseph
  6992 | D:7      | Killed Joseph
  6993 | D:7      | Reached skill level 5 in Conjurations
  7230 | D:7      | Reached skill level 1 in Hexes
  7236 | D:7      | Reached skill level 5 in Invocations
  7534 | D:7      | Found a burning altar of Makhleb.
  7979 | D:8      | Reached skill level 5 in Stealth
  7979 | D:8      | Reached skill level 6 in Conjurations
  8118 | D:8      | Noticed a two-headed ogre
  8127 | D:8      | Reached ** piety under Sif Muna
  8134 | D:8      | Killed a two-headed ogre
  8135 | D:8      | Reached XP level 10. HP: 58/64 MP: 0/20
  8752 | D:9      | Noticed a deep elf pyromancer
  8758 | D:9      | Killed a deep elf pyromancer
  8764 | D:9      | Noticed a two-headed ogre
  8766 | D:9      | Noticed a death yak
  8768 | D:9      | Noticed a death yak
  8772 | D:9      | Killed a two-headed ogre
  8773 | D:9      | Reached skill level 7 in Conjurations
  8773 | D:9      | Noticed a death yak
  8881 | D:8      | Killed a death yak
  9033 | D:9      | Noticed a death yak
  9035 | D:9      | Found a staircase to the Lair.
  9035 | D:9      | Noticed a death yak
  9036 | D:9      | Noticed a death yak
  9036 | D:9      | Noticed a death yak
  9046 | D:9      | Killed a death yak
  9051 | D:9      | Killed a death yak
  9052 | D:9      | Reached XP level 11. HP: 45/70 MP: 1/23
  9730 | D:9      | Killed a death yak
  9730 | D:9      | Killed a death yak
 10509 | D:9      | Found a stormy altar of Qazlal.
 10783 | D:9      | Found an ancient bone altar of Kikubaaqudgha.
 11276 | D:8      | Killed a death yak
 11475 | D:9      | Killed a death yak
 11785 | D:10     | Entered Level 10 of the Dungeon
 11806 | D:10     | Noticed a sixfirhy
 11835 | D:10     | Identified the +3 plate armour of Gallantry {Str+9}
 12087 | D:10     | Reached *** piety under Sif Muna
 12172 | D:10     | Noticed a two-headed ogre
 12182 | D:10     | Killed a two-headed ogre
 12249 | D:10     | Found an ornate altar of the Wu Jian Council.
 12268 | D:10     | Reached skill level 10 in Fire Magic
 12370 | D:10     | Reached skill level 8 in Conjurations
 13172 | D:11     | Noticed a skeletal warrior
 13185 | D:12     | Noticed a cyclops
 13257 | D:12     | Killed a cyclops
 13258 | D:12     | Reached XP level 12. HP: 63/77 MP: 4/25
 13671 | D:12     | Found a staircase to the Orcish Mines.
 13694 | D:12     | Reached **** piety under Sif Muna
 13872 | D:12     | Noticed Sonja
 13875 | D:12     | Killed Sonja
 14640 | D:12     | Reached skill level 10 in Spellcasting
 14644 | D:12     | Learned a level 1 spell: Slow
 15989 | Lair:1   | Entered Level 1 of the Lair of Beasts
 16115 | Lair:1   | Noticed an eight-headed hydra
 16678 | Lair:2   | Noticed a four-headed hydra
 16679 | Lair:2   | Found a staircase to the Swamp.
 16728 | Lair:2   | Noticed a boulder beetle
 16751 | Lair:2   | Killed a boulder beetle
 16758 | Lair:2   | Reached XP level 13. HP: 72/82 MP: 11/28
 16766 | Lair:2   | Reached skill level 9 in Conjurations
 17086 | Lair:2   | Reached ***** piety under Sif Muna
 17699 | Lair:1   | Received a gift from Sif Muna
 17700 | Lair:1   | Got Sif Muna's Tome of Poisonous Sinister Arts {god gift}
 17707 | Lair:1   | Noticed Nergalle
 17711 | Lair:1   | Killed Nergalle
 18205 | Lair:1   | Found a basalt altar of Yredelemnul.
 18223 | Lair:1   | Learned a level 3 spell: Stone Arrow
 18227 | Lair:1   | Learned a level 3 spell: Mephitic Cloud
 18231 | Lair:1   | Learned a level 3 spell: Ignite Poison
 18236 | Lair:1   | Learned a level 4 spell: Dispel Undead
 18257 | Lair:1   | Noticed Harold
 18266 | Lair:1   | Killed Harold
 18267 | Lair:1   | Reached skill level 1 in Poison Magic
 19190 | Lair:3   | Reached skill level 1 in Shields
 19421 | Lair:3   | Reached skill level 1 in Air Magic
 19527 | Lair:3   | Reached skill level 1 in Earth Magic
 19751 | Lair:3   | Found a staircase to the Snake Pit.
 20319 | Lair:4   | Found a gate leading to a gauntlet.
 20332 | Gauntlet | Entered a Gauntlet
 20332 | Gauntlet | Found a transporter.
 20332 | Gauntlet | Found a transporter.
 20529 | Gauntlet | Found a transporter.
 20544 | Gauntlet | Found a transporter.
 20546 | Gauntlet | Found a large runed translucent door.
 20546 | Gauntlet | Found a large runed translucent door.
 20547 | Gauntlet | Found a large runed translucent door.
 20547 | Gauntlet | Found a large runed translucent door.
 20548 | Gauntlet | Found a large runed translucent door.
 20548 | Gauntlet | Found a large runed translucent door.
 20548 | Gauntlet | Found a runed translucent door.
 20548 | Gauntlet | Found a runed translucent door.
 20548 | Gauntlet | Found a large runed translucent door.
 20548 | Gauntlet | Found a large runed translucent door.
 20549 | Gauntlet | Found a large runed translucent door.
 20549 | Gauntlet | Found a large runed translucent door.
 20554 | Gauntlet | Found a large runed translucent door.
 20554 | Gauntlet | Found a large runed translucent door.
 20555 | Gauntlet | Found a large runed translucent door.
 20555 | Gauntlet | Found a large runed translucent door.
 20555 | Gauntlet | Found a large runed translucent door.
 20558 | Gauntlet | Found a runed translucent gate.
 20558 | Gauntlet | Found a runed translucent gate.
 20560 | Gauntlet | Found a transporter.
 20561 | Gauntlet | Found a runed translucent gate.
 20572 | Gauntlet | Found a large runed translucent door.
 20574 | Gauntlet | Found a transporter.
 20657 | Gauntlet | Found a transporter.
 20672 | Gauntlet | Found a transporter.
 20688 | Gauntlet | Found a transporter.
 20700 | Gauntlet | Found a transporter.
 20716 | Gauntlet | Found a transporter.
 20783 | Gauntlet | Found a transporter.
 20791 | Gauntlet | Found a transporter.
 20794 | Gauntlet | Found a transporter.
 20800 | Gauntlet | Found a transporter.
 20804 | Gauntlet | Found a transporter.
 21493 | Gauntlet | Identified the +11 rapier of Regicide {drain, rPois rF-
                  | Will- Stlth+}
 21493 | Gauntlet | Noticed a minotaur
 21521 | Gauntlet | HP: 1/78 [minotaur/silver javelin (4)]
 21522 | Gauntlet | Killed a minotaur
 22296 | Lair:4   | Reached skill level 1 in Evocations
 22296 | Lair:4   | Reached XP level 14. HP: 50/89 MP: 19/30
 22316 | Lair:4   | Reached skill level 5 in Dodging
 22636 | Lair:4   | Learned a level 5 spell: Fireball
 22644 | Lair:4   | Learned a level 7 spell: Orb of Destruction
 22766 | Lair:3   | Reached skill level 10 in Conjurations
 24989 | Lair:5   | Reached skill level 5 in Hexes
 25493 | Lair:5   | Identified the +5 ring mail "Vipnamp" {rF+ Will- Int+6
                  | Dex+4}
 25613 | Lair:6   | Entered Level 6 of the Lair of Beasts
 25627 | Lair:6   | Reached skill level 11 in Conjurations
 25815 | Lair:6   | Received a gift from Sif Muna
 25819 | Lair:6   | Got Ucubrukh's Reference Book on the Birds {god gift}
 26173 | Lair:6   | Reached skill level 5 in Shields
 26708 | Lair:6   | Reached XP level 15. HP: 85/96 MP: 12/32
 27092 | Lair:6   | Identified the +3 broad axe of the Vaults {speed, rPois
                  | Int+2}
 27311 | Lair:6   | Found a staircase to the Slime Pits.
 27311 | Lair:6   | Found a viscous altar of Jiyva.
 28370 | Orc:1    | Entered Level 1 of the Orcish Mines
 29229 | Orc:1    | Reached skill level 12 in Conjurations
 29381 | Orc:2    | Entered Level 2 of the Orcish Mines
 30067 | Orc:2    | Paralysed by an orc sorcerer for 5 turns
 30627 | Orc:2    | Found a staircase to the Elven Halls.
 30690 | Orc:2    | Received a gift from Sif Muna
 30695 | Orc:2    | Got Sif Muna's Collected Works on Quantum Blows and Bruises
                  | {god gift}
 30708 | Orc:2    | Learned a level 2 spell: Blink
 30763 | Orc:2    | Paralysed by an orc sorcerer for 2 turns
 30936 | Orc:2    | Found Junt's Magic Scroll Emporium.
 30941 | Orc:2    | Found Epsam's Distillery.
 30972 | Orc:2    | Found a radiant altar of Vehumet.
 30974 | Orc:2    | Noticed Erolcha
 30984 | Orc:2    | Killed Erolcha
 31195 | Orc:2    | Found an ancient bone altar of Kikubaaqudgha.
 31222 | Orc:2    | Bought a scroll of blinking for 105 gold pieces
 31224 | Orc:2    | Bought a scroll of teleportation for 42 gold pieces
 31362 | Orc:2    | Found Uge Efie's Antique Armour Emporium.
 31373 | Orc:2    | Found Jeoluele's Book Shoppe.
 31447 | Orc:2    | Bought the Unrestrained Analects for 528 gold pieces
 31757 | D:13     | Reached skill level 1 in Translocations
 32810 | D:14     | Noticed Snorg
 32826 | D:14     | Killed Snorg
 33308 | D:14     | Found a gate to the Vaults.
 33361 | D:14     | Noticed Jorgrun
 34064 | D:15     | Entered Level 15 of the Dungeon
 34530 | D:15     | Noticed a tengu reaver
 34621 | D:15     | Reached XP level 16. HP: 90/102 MP: 25/33
 34852 | D:15     | Found a glowing silver altar of Zin.
 34919 | D:15     | Found a white marble altar of Elyvilon.
 35015 | D:15     | Found a sparkling altar of Nemelex Xobeh.
 35720 | D:15     | Reached skill level 13 in Conjurations
 36037 | D:15     | Noticed a sphinx
 36051 | D:15     | Paralysed by a sphinx for 6 turns
 36057 | D:15     | Killed a sphinx
 38290 | D:14     | Killed Jorgrun
 38803 | D:15     | Killed a tengu reaver
 39059 | D:15     | Identified a scroll of acquirement
 39059 | D:15     | Acquired the +1 hat "Vifosoc" {rC+ Regen+ Stlth+}
 39088 | D:15     | Identified the +1 scale mail of the Quahog {rF- Will+
                  | rCorr}
 39094 | D:15     | Identified the +2 ring mail of the Secret Tales {Int+2
                  | Stlth+}
 39641 | D:15     | Received a gift from Sif Muna
 39644 | D:15     | Got Sif Muna's Collected Works on Confrontation {god gift}
 40063 | D:15     | Reached skill level 14 in Conjurations
 40245 | D:15     | Found a staircase to the Depths.
 40490 | Swamp:1  | Entered Level 1 of the Swamp
 40506 | Swamp:1  | Reached XP level 17. HP: 100/108 MP: 20/35
 40957 | Swamp:1  | Reached skill level 15 in Spellcasting
 42614 | Swamp:3  | Reached skill level 15 in Fire Magic
 43503 | Swamp:4  | Entered Level 4 of the Swamp
 43644 | Swamp:4  | Reached skill level 15 in Conjurations
 43758 | Swamp:4  | Noticed Nikola
 44474 | Swamp:4  | Noticed Bai Suzhen
 44523 | Swamp:4  | Killed Nikola
 45491 | Swamp:4  | Received a gift from Sif Muna
 45500 | Swamp:4  | Learned a level 6 spell: Starburst
 45518 | Swamp:4  | Killed Bai Suzhen
 45519 | Swamp:4  | Reached XP level 18. HP: 114/114 MP: 3/37
 45820 | Swamp:4  | Reached skill level 16 in Conjurations
 46298 | Swamp:4  | Got a decaying rune of Zot
 46581 | Snake:1  | Entered Level 1 of the Snake Pit
 46840 | Elf:1    | Entered Level 1 of the Elven Halls
 47482 | Elf:1    | Found a runed translucent gate.
 47482 | Elf:1    | Found a runed translucent gate.
 47482 | Elf:1    | Found a runed translucent gate.
 47482 | Elf:1    | Found a runed translucent gate.
 47482 | Elf:1    | Found a runed translucent gate.
 47484 | Elf:1    | Found a runed translucent gate.
 47493 | Elf:1    | Got the Almanac of Stones
 47723 | Elf:1    | Received a gift from Sif Muna
 47727 | Elf:1    | Got Sif Muna's Handbook of Flames {god gift}
 48128 | Elf:1    | You fall into a shaft and drop 1 floor!
 48656 | Elf:2    | Reached skill level 17 in Conjurations
 49466 | Elf:2    | Found Qizos's Book Shop.
 49468 | Elf:2    | Found Uschoolo's Jewellery Shoppe.
 49469 | Elf:2    | Found Hewuet's Book Shop.
 49478 | Elf:2    | Bought the ring "Taus" {rPois Will+ Slay+6} for 1043 gold
                  | pieces
 49493 | Elf:2    | Bought a book of Blasting for 416 gold pieces
 49500 | Elf:2    | Learned a level 4 spell: Iskenderun's Mystic Blast
 49503 | Elf:2    | Bought an amulet of reflection for 510 gold pieces
 49525 | Elf:2    | Bought a ring of wizardry for 510 gold pieces
 49576 | Elf:2    | Found a runed translucent gate.
 49577 | Elf:2    | Found a runed translucent gate.
 49579 | Elf:2    | Found a runed translucent gate.
 50052 | Elf:2    | Received a gift from Sif Muna
 50299 | Elf:2    | Got Sif Muna's Handbook of Attacks {god gift}
 50338 | Elf:2    | Reached XP level 19. HP: 100/121 MP: 27/39
 51120 | Elf:3    | Entered Level 3 of the Elven Halls
 51243 | Elf:3    | Found an ancient bone altar of Kikubaaqudgha.
 51588 | Elf:3    | Learned a level 8 spell: Ignition
 51611 | Elf:3    | Reached skill level 18 in Conjurations
 52918 | Elf:3    | Identified the +2 ring mail of the Sneaky Invaders {rC++
                  | rCorr}
 52946 | Elf:3    | Identified the +1 cloak of the Tarantula {Fly rF+++ MP+9
                  | Dex-5}
 53669 | Snake:1  | Noticed Aizul
 53804 | Snake:1  | Killed Aizul
 54188 | Snake:1  | Noticed Roxanne
 54195 | Snake:1  | Killed Roxanne
 54655 | Snake:2  | Shot with a bolt by a naga sharpshooter

Illustrated notes

Levels and vault maps discovered:
D:1:      nicolae_arrival_somewhat_less_tricky_arrival, layout_loops_corners,
          hellmonk_ecumenical_altar_lost_god, minmay_stone_trees_small,
          minmay_cupped
D:2:      layout_loops_ring, chequers_serial_rivers_large_b
D:3:      layout_basic, kennysheep_doodads, uniq_robin
D:4:      layout_loops_ring, nicolae_sif_muna_condensation, uniq_edmund
D:5:      layout_cave_pools, minmay_temple_entry_antechambers,
          kennysheep_opposing_triangles
D:6:      layout_rooms, mainiacjoe_overflow_catwalk, corexii_shack, uniq_grinder
D:7:      layout_cave_pods, lemuel_crystal_altar, enter_bailey_2, uniq_joseph,
          uniq_maggie
D:8:      layout_basic
D:9:      layout_roguey, kennysheep_vampire_church, kennysheep_little_box,
          dpeg_lair_monsters, bh_circular_ruins
D:10:     layout_gridville, nicolae_wu_jian_wuxing_cycle, minmay_holes,
          amethyst_killhole
D:11:     layout_roguey [special_room_bee]
D:12:     layout_big_octagon, hiddenorc2_lemuel, uniq_sonja
D:13:     layout_long_grid
D:14:     layout_long_grid, ximxim_vaults_locker_room, minmay_crystal_water,
          uniq_jorgrun, uniq_snorg
D:15:     hangedman_slaughterboxes
Lair:1:   layout_loops_ring, basic_altar, lemuel_old_faithful, uniq_nergalle,
          uniq_harold
Lair:2:   beast_lair_carwin_large_2, layout_cave_pods,
          minmay_swamp_entry_reptiles, disabler_island
Lair:3:   layout_loops_ring, minmay_snake_entry_six_corridors,
          lemuel_fruit_fields
Lair:4:   layout_roguey, gauntlet_entry_generic, serial_bayou_pond_b,
          serial_bayou_lagoon_b, serial_bayou_shore_a
Lair:5:   layout_big_grid, lemuel_fruit_fields
Lair:6:   gammafunk_lair_ancient_temple, layout_regular_city, slime_altar_1,
          grunt_megastairs_1
Swamp:1:  layout_falls_marsh, hangedman_swamp_blocks
Swamp:2:  layout_falls_marsh, evilmike_swamp_ruin_house_2, swamp_pool5
Swamp:3:  layout_basic_swamp, hangedman_swamp_lotus
Swamp:4:  swamp, layout_basic_swamp, uniq_bai_suzhen, uniq_nikola
Snake:1:  layout_misc_corridors, uniq_aizul, uniq_roxanne
Snake:2:  layout_onion, drop_trap, uniq_vashnia
Orc:1:    nicolae_orc_accident_3, layout_caves, basic_altar
Orc:2:    kennysheep_orc_mage_school, layout_diamond_mine
Elf:1:    layout_geoelf_octagon, orc_legates, minivault_26
Elf:2:    nicolae_elf_blades_splatter_lattice [mumra_blade_entry_bloodbath],
          layout_loops_corners, minmay_shop_grove
Elf:3:    minmay_elf_hall_statues, layout_loops_cross, basic_altar

Skill      XL: |  1  2  3  4  5  6  7  8  9 10 11 12 13 14 15 16 17 18 19 |
---------------+----------------------------------------------------------+-----
Stealth        | 3 4 5 6 7 |  7.2
Fire Magic     | 4 5 6 7 8 10 11 12 13 14 15 16 | 16.3
Spellcasting   | 3 4 5 7 8 9 11 12 13 14 15 16 17 | 17.6
Conjurations   | 3 4 6 7 8 9 11 12 14 15 17 18 | 18.7
Throwing       | 1 |  1.2
Short Blades   | 1 2 |  2.7
Invocations    | 1 4 5 7 8 |  8.6
Staves         | 1 2 3 |  3.1
Fighting       | 1 2 3 4 |  4.5
Hexes          | 1 3 4 5 |  5.7
Dodging        | 3 4 5 6 7 |  7.5
Poison Magic   | 2 3 4 |  4.0
Shields        | 2 5 7 8 |  8.5
Air Magic      | 2 3 |  3.4
Earth Magic    | 2 3 |  3.0
Evocations     | 1 |  1.0
Translocations | 2 3 4 |  4.2

Action                   |  1- 3 |  4- 6 |  7- 9 | 10-12 | 13-15 | 16-18 | 19-21 || total
-------------------------+-------+-------+-------+-------+-------+-------+-------++-------
Melee: Dagger            |    21 |    33 |       |       |       |       |       ||    54
       Constrict         |     5 |     7 |     2 |     9 |    14 |    12 |     6 ||    55
       Tentacles         |     2 |     6 |     4 |     9 |    16 |    16 |    10 ||    63
       Staff             |       |       |    24 |    45 |    69 |    60 |    18 ||   216
       Rapier            |       |       |       |       |     7 |    31 |    18 ||    56
Throw: Throwing net      |       |     1 |       |       |     4 |     1 |       ||     6
       Dart              |       |       |       |       |     4 |       |       ||     4
 Cast: Foxfire           |    71 |    76 |   180 |   307 |   728 |   117 |       ||  1479
       Inner Flame       |       |     1 |     8 |    62 |   112 |    51 |       ||   234
       Scorch            |       |       |    14 |    71 |    35 |    11 |       ||   131
       Flame Wave        |       |       |     5 |    28 |    90 |    31 |       ||   154
       Conjure Flame     |       |       |     2 |    15 |     7 |     1 |       ||    25
       Slow              |       |       |       |     2 |     1 |     3 |       ||     6
       Stone Arrow       |       |       |       |       |    16 |    39 |       ||    55
       Mephitic Cloud    |       |       |       |       |    25 |    37 |     4 ||    66
       Fireball          |       |       |       |       |    33 |   246 |    41 ||   320
       Blink             |       |       |       |       |     3 |    10 |       ||    13
       Orb of Destructio |       |       |       |       |     1 |    82 |    50 ||   133
       Ignite Poison     |       |       |       |       |     1 |     4 |       ||     5
       Starburst         |       |       |       |       |       |    17 |    26 ||    43
       Iskenderun's Myst |       |       |       |       |       |    14 |    25 ||    39
       Ignition          |       |       |       |       |       |       |    15 ||    15
Invok: Channel Magic     |       |       |       |     1 |     6 |     7 |     8 ||    22
       Forget Spell      |       |       |       |       |       |     1 |       ||     1
Evoke: Wand              |       |       |     3 |     1 |     7 |       |     1 ||    12
  Use: Potion            |       |     6 |       |     2 |     3 |     2 |     1 ||    14
       Scroll            |       |       |     1 |    23 |    11 |     9 |     4 ||    48
 Stab: Sleeping          |     5 |     3 |     1 |       |     2 |     4 |     2 ||    17
       Confused          |       |       |       |       |     1 |     1 |       ||     2
       Distracted        |       |       |       |       |       |       |     1 ||     1
Armor: Skin              |     1 |     2 |     3 |    29 |    69 |    27 |     6 ||   137
Dodge: Dodged            |    22 |    30 |    50 |   246 |   558 |   221 |    47 ||  1174
Block: Buckler           |       |       |       |       |   133 |   107 |    48 ||   288
       Reflection        |       |       |       |       |       |       |     8 ||     8

Table legend: (Time is in decaauts)
 A = Elapsed time spent in this place.
 B = Non-inter-level travel time spent in this place.
 C = Inter-level travel time spent in this place.
 D = Time resting spent in this place.
 E = Time spent auto-exploring this place.
 F = Levels seen in this place.
 G = Mean time per level.
                   A        B        C        D        E       F      G
               +--------+--------+--------+--------+--------+-----+--------+
         Total |  54815 |  53323 |   1492 |   9293 |  31728 |  33 | 1661.1 |
       Dungeon |  25086 |  24382 |    704 |   3172 |  15319 |  15 | 1672.4 |
          Lair |  11067 |  10686 |    381 |   2110 |   6080 |   6 | 1844.5 |
         Swamp |   6082 |   5951 |    131 |   2141 |   2878 |   4 | 1520.5 |
     Snake Pit |    748 |    734 |     14 |      0 |    584 |   2 |  374.0 |
  Orcish Mines |   3356 |   3265 |     91 |    319 |   2013 |   2 | 1678.0 |
   Elven Halls |   6521 |   6353 |    168 |    958 |   3913 |   3 | 2173.7 |
      Gauntlet |   1951 |   1951 |      0 |    593 |    941 |   1 | 1951.0 |
               +--------+--------+--------+--------+--------+-----+--------+

Top non-repeatable levels by time:
    D:15: 5267 daAuts
 Swamp:3: 3051 daAuts
   Elf:2: 2958 daAuts
  Lair:2: 2417 daAuts
     D:9: 2388 daAuts
  Lair:3: 2271 daAuts
   Elf:3: 2077 daAuts
  Lair:6: 1961 daAuts
Gauntlet: 1951 daAuts
   Orc:2: 1930 daAuts
     D:8: 1892 daAuts
  Lair:4: 1803 daAuts
    D:13: 1779 daAuts
    D:12: 1707 daAuts
    D:14: 1513 daAuts
